TOP OF THE 1ST |
Colorado Rockies batting - Pitching for Arizona Diamondbacks : RHP Tong-myeon Moon
|
Pitching: RHP Tong-myeon Moon
|
|
Batting: RHB Cesar Breceda
|
0-0: Called Strike 0-1: Foul Ball, location: 2F 0-2: Strikes out swinging
|
Batting: SHB Eddie Quinones
|
0-0: Swinging Strike 0-1: Ball 1-1: Foul Ball, location: 2F 1-2: Ball 2-2: Ball 3-2: Base on Balls
|
Batting: SHB Jerry Luckwell
|
0-0: Called Strike 0-1: Ball 1-1: Ball 2-1: DOUBLE (Line Drive, 5D, EV 106.2 MPH) Eddie Quinones to third
|
Batting: LHB Shawn Morrison
|
0-0: Foul Ball, location: 2F 0-1: Ball 1-1: Foul Ball, location: 2F 1-2: Strikes out swinging
|
Batting: RHB Henry Alvizo
|
0-0: Ball 1-0: Called Strike 1-1: Foul Ball, location: 2F 1-2: Fly out, F9 (Flyball, 89M, EV 77.5 MPH)
|
Top of the 1st over - 0 runs, 1 hit, 0 errors, 2 left on base; Colorado 0 - Arizona 0 |
BOTTOM OF THE 1ST |
Arizona Diamondbacks batting - Pitching for Colorado Rockies : RHP Sean Parks
|
Pitching: RHP Sean Parks
|
|
Batting: RHB Andy Swaim
|
0-0: Called Strike 0-1: Ball 1-1: Swinging Strike 1-2: Strikes out looking
|
Batting: LHB Roy Steigerwald
|
0-0: Ball 1-0: Called Strike 1-1: Ball 2-1: Foul Ball, location: 2F 2-2: Ball 3-2: Strikes out swinging
|
Batting: RHB Katilimomi Kelekolio
|
0-0: Swinging Strike 0-1: Swinging Strike 0-2: Ball 1-2: Fly out, F5 (Popup, 15, EV 76.2 MPH)
|
Bottom of the 1st over - 0 runs, 0 hits, 0 errors, 0 left on base; Colorado 0 - Arizona 0 |
TOP OF THE 2ND |
Colorado Rockies batting - Pitching for Arizona Diamondbacks : RHP Tong-myeon Moon
|
Batting: LHB Freddy Troncoso
|
0-0: Ball 1-0: Called Strike 1-1: Swinging Strike 1-2: Strikes out swinging
|
Batting: LHB Andy Bowman
|
0-0: Ball 1-0: Ball 2-0: Ground out 6-3 (Groundball, 6, EV 80.0 MPH)
|
Batting: LHB Bi-jun Chien
|
0-0: Ball 1-0: Foul Ball, location: 2F 1-1: Foul Ball, location: 2F 1-2: Ball 2-2: Foul Ball, location: 2F 2-2: Foul Ball, location: 2F 2-2: Foul Ball, location: 2F 2-2: Foul Ball, location: 2F 2-2: Strikes out swinging
|
Top of the 2nd over - 0 runs, 0 hits, 0 errors, 0 left on base; Colorado 0 - Arizona 0 |
BOTTOM OF THE 2ND |
Arizona Diamondbacks batting - Pitching for Colorado Rockies : RHP Sean Parks
|
Batting: SHB Perry Tuckfard
|
0-0: Called Strike 0-1: Ball 1-1: Swinging Strike 1-2: Strikes out swinging
|
Batting: LHB Joel Kunkler
|
0-0: Called Strike 0-1: Called Strike 0-2: Ball 1-2: Strikes out swinging
|
Batting: RHB Jim Zucco
|
0-0: Ball 1-0: Ball 2-0: Foul Ball, location: 2F 2-1: Foul Ball, location: 2F 2-2: Ball 3-2: Base on Balls
|
Batting: SHB Salvador Aragon
|
0-0: Ball 1-0: Called Strike 1-1: Called Strike 1-2: Ball 2-2: SINGLE (Groundball, 56D, EV 103.8 MPH) Jim Zucco to second
|
Batting: LHB Mike Mentzer
|
0-0: Called Strike 0-1: Ball 1-1: Foul Ball, location: 2F 1-2: Ground out 4-3 (Groundball, 4, EV 88.1 MPH)
|
Bottom of the 2nd over - 0 runs, 1 hit, 0 errors, 2 left on base; Colorado 0 - Arizona 0 |
TOP OF THE 3RD |
Colorado Rockies batting - Pitching for Arizona Diamondbacks : RHP Tong-myeon Moon
|
Batting: SHB Jon Munoz
|
0-0: Called Strike 0-1: Ball 1-1: Ball 2-1: Called Strike 2-2: Strikes out swinging
|
Batting: RHB Cesar Breceda
|
0-0: Called Strike 0-1: Called Strike 0-2: Foul Ball, location: 2F 0-2: Ball 1-2: Ball 2-2: Ball 3-2: Foul Ball, location: 2F 3-2: Foul Ball, location: 2F 3-2: Reached via error on a dropped throw from 2B, E3 (Groundball, 4, EV 88.1 MPH)
|
Batting: SHB Eddie Quinones
|
0-0: Ball 1-0: Called Strike 1-1: Swinging Strike 1-2: DOUBLE (Line Drive, 5D, EV 96.9 MPH) Cesar Breceda to third Cesar Breceda scores
|
Batting: SHB Jerry Luckwell
|
0-0: Ball 1-0: Ground out 3-1 (Groundball, 34, EV 81.9 MPH) Eddie Quinones to third
|
Batting: LHB Shawn Morrison
|
0-0: Ball 1-0: 2-RUN HOME RUN (Flyball, 9LD, EV 95.6 MPH), Distance : 361 ft
|
Batting: RHB Henry Alvizo
|
0-0: Ball 1-0: Swinging Strike 1-1: Ball 2-1: Foul Ball, location: 2F 2-2: SINGLE (Line Drive, 78M, EV 107.5 MPH)
|
Batting: LHB Freddy Troncoso
|
0-0: Ball 1-0: Called Strike 1-1: Foul Ball, location: 2F 1-2: Strikes out swinging
|
Top of the 3rd over - 3 runs, 3 hits, 1 error, 1 left on base; Colorado 3 - Arizona 0 |
BOTTOM OF THE 3RD |
Arizona Diamondbacks batting - Pitching for Colorado Rockies : RHP Sean Parks
|
Batting: SHB Warren Eisner
|
0-0: Reached on error, E3 (Groundball, 3L, EV 103.1 MPH)
|
Batting: RHB Andy Swaim
|
0-0: Fly out, F7 (Flyball, 78M, EV 94.4 MPH)
|
Batting: LHB Roy Steigerwald
|
0-0: Called Strike 0-1: Fly out, F8 (Flyball, 8LD, EV 96.2 MPH)
|
Batting: RHB Katilimomi Kelekolio
|
0-0: Called Strike 0-1: Foul Ball, location: 2F 0-2: Foul Ball, location: 2F 0-2: Ball 1-2: Strikes out looking
|
Bottom of the 3rd over - 0 runs, 0 hits, 1 error, 1 left on base; Colorado 3 - Arizona 0 |
TOP OF THE 4TH |
Colorado Rockies batting - Pitching for Arizona Diamondbacks : RHP Tong-myeon Moon
|
Batting: LHB Andy Bowman
|
0-0: Called Strike 0-1: Foul Ball, location: 2F 0-2: Ball 1-2: Strikes out swinging
|
Batting: LHB Bi-jun Chien
|
0-0: Called Strike 0-1: Ball 1-1: Foul Ball, location: 2F 1-2: Ball 2-2: Ground out 4-3 (Groundball, 4, EV 81.9 MPH)
|
Batting: SHB Jon Munoz
|
0-0: Ball 1-0: Foul Ball, location: 2F 1-1: Fly out, F8 (Flyball, 8LM, EV 88.1 MPH)
|
Top of the 4th over - 0 runs, 0 hits, 0 errors, 0 left on base; Colorado 3 - Arizona 0 |
BOTTOM OF THE 4TH |
Arizona Diamondbacks batting - Pitching for Colorado Rockies : RHP Sean Parks
|
Batting: SHB Perry Tuckfard
|
0-0: Ball 1-0: Called Strike 1-1: Called Strike 1-2: Ball 2-2: Ball 3-2: Foul Ball, location: 2F 3-2: Strikes out looking
|
Batting: LHB Joel Kunkler
|
0-0: Called Strike 0-1: Foul Ball, location: 2F 0-2: Ball 1-2: Ball 2-2: Foul Ball, location: 2F 2-2: Ball 3-2: SINGLE (Line Drive, 4MD, EV 102.5 MPH)
|
Batting: RHB Jim Zucco
|
0-0: Ball 1-0: Called Strike 1-1: Ball 2-1: Ball 3-1: Base on Balls Joel Kunkler to second
|
Batting: SHB Salvador Aragon
|
0-0: Ball 1-0: Ball 2-0: Fly out, F7 (Flyball, 7LD, EV 108.1 MPH) Runner from 2nd tags up, SAFE at 3rd, no throw by LF
|
Batting: LHB Mike Mentzer
|
0-0: Ball 1-0: Ball 2-0: Ball 3-0: Called Strike 3-1: Base on Balls Jim Zucco to second
|
Batting: SHB Warren Eisner
|
0-0: Ball 1-0: SINGLE (Groundball, 34D, EV 105.0 MPH) Joel Kunkler scores Jim Zucco to third Mike Mentzer to second Runner from 3rd tries for Home, SAFE, throw by RF to home
|
Batting: RHB Andy Swaim
|
0-0: Ball 1-0: Foul Ball, location: 2F 1-1: Fielders Choice at 2nd, 6-4 (Groundball, 6, EV 91.2 MPH)
|
Bottom of the 4th over - 2 runs, 2 hits, 0 errors, 2 left on base; Colorado 3 - Arizona 2 |
TOP OF THE 5TH |
Colorado Rockies batting - Pitching for Arizona Diamondbacks : RHP Tong-myeon Moon
|
Batting: RHB Cesar Breceda
|
0-0: Ball 1-0: Ball 2-0: Swinging Strike 2-1: Foul Ball, location: 2F 2-2: Strikes out looking
|
Batting: SHB Eddie Quinones
|
0-0: Fly out, F8 (Flyball, 8LXD, EV 98.8 MPH)
|
Batting: SHB Jerry Luckwell
|
0-0: SINGLE (Groundball, 56S, EV 67.5 MPH) (infield hit)
|
Batting: LHB Shawn Morrison
|
0-0: Ball 1-0: Ball 2-0: Ball 3-0: Called Strike 3-1: Swinging Strike 3-2: Fly out, F9 (Line Drive, 9LM, EV 90.6 MPH)
|
Top of the 5th over - 0 runs, 1 hit, 0 errors, 1 left on base; Colorado 3 - Arizona 2 |
BOTTOM OF THE 5TH |
Arizona Diamondbacks batting - Pitching for Colorado Rockies : RHP Sean Parks
|
Batting: LHB Roy Steigerwald
|
0-0: Swinging Strike 0-1: Swinging Strike 0-2: Ball 1-2: Strikes out swinging
|
Batting: RHB Katilimomi Kelekolio
|
0-0: Foul Ball, location: 2F 0-1: Ball 1-1: Called Strike 1-2: Strikes out looking
|
Batting: SHB Perry Tuckfard
|
0-0: Ball 1-0: Foul Ball, location: 2F 1-1: Called Strike 1-2: Foul Ball, location: 2F 1-2: Ball 2-2: Foul Ball, location: 2F 2-2: DOUBLE (Groundball, 3L, EV 96.2 MPH)
|
Batting: LHB Joel Kunkler
|
0-0: Swinging Strike 0-1: Ball 1-1: Foul Ball, location: 2F 1-2: Strikes out looking
|
Bottom of the 5th over - 0 runs, 1 hit, 0 errors, 1 left on base; Colorado 3 - Arizona 2 |
TOP OF THE 6TH |
Colorado Rockies batting - Pitching for Arizona Diamondbacks : RHP Tong-myeon Moon
|
Batting: RHB Henry Alvizo
|
0-0: Ball 1-0: Ball 2-0: Called Strike 2-1: Ball 3-1: Foul Ball, location: 2F 3-2: SINGLE (Line Drive, 56D, EV 100.0 MPH)
|
Batting: LHB Freddy Troncoso
|
0-0: Foul Ball, location: 2F 0-1: Ball 1-1: Swinging Strike 1-2: Ball 2-2: Strikes out looking
|
Pitching: RHP Rich Garces
|
|
Batting: LHB Andy Bowman
|
0-0: Called Strike 0-1: Ball 1-1: Fly out, F7 (Flyball, 7D, EV 81.2 MPH)
|
Batting: LHB Bi-jun Chien
|
0-0: Ball 1-0: Fly out, F9 (Flyball, 9S, EV 87.5 MPH)
|
Top of the 6th over - 0 runs, 1 hit, 0 errors, 1 left on base; Colorado 3 - Arizona 2 |
BOTTOM OF THE 6TH |
Arizona Diamondbacks batting - Pitching for Colorado Rockies : RHP Sean Parks
|
Batting: RHB Jim Zucco
|
0-0: Ball 1-0: Foul Ball, location: 2F 1-1: Foul Ball, location: 2F 1-2: Strikes out swinging
|
Batting: SHB Salvador Aragon
|
0-0: Swinging Strike 0-1: Ball 1-1: Called Strike 1-2: SOLO HOME RUN (Flyball, 9LD, EV 100.6 MPH), Distance : 362 ft
|
Batting: LHB Mike Mentzer
|
0-0: Ball 1-0: Ground out 4-3 (Groundball, 34, EV 106.9 MPH)
|
Batting: SHB Warren Eisner
|
0-0: Swinging Strike 0-1: Swinging Strike 0-2: Ball 1-2: Ball 2-2: Strikes out looking
|
Bottom of the 6th over - 1 run, 1 hit, 0 errors, 0 left on base; Colorado 3 - Arizona 3 |
TOP OF THE 7TH |
Colorado Rockies batting - Pitching for Arizona Diamondbacks : RHP Rich Garces
|
Batting: SHB Jon Munoz
|
0-0: Ball 1-0: Called Strike 1-1: Ball 2-1: Foul Ball, location: 2F 2-2: Ball 3-2: Foul Ball, location: 2F 3-2: SINGLE (Groundball, 6MD, EV 105.0 MPH)
|
Batting: RHB Cesar Breceda
|
0-0: Ball Jon Munoz steals 2nd base (no throw) 1-0: Ball 2-0: Ball 3-0: Base on Balls
|
Batting: SHB Eddie Quinones
|
0-0: Called Strike 0-1: Swinging Strike 0-2: Ball 1-2: Grounds into double play, 4-6-3 (Groundball, 34, EV 99.4 MPH) Jon Munoz to third
|
Batting: SHB Jerry Luckwell
|
0-0: Called Strike 0-1: Foul Ball, location: 2F 0-2: Ball 1-2: Ball 2-2: Ball 3-2: Foul Ball, location: 2F 3-2: Foul Ball, location: 2F 3-2: Strikes out swinging
|
Top of the 7th over - 0 runs, 1 hit, 0 errors, 1 left on base; Colorado 3 - Arizona 3 |
BOTTOM OF THE 7TH |
Arizona Diamondbacks batting - Pitching for Colorado Rockies : RHP Sean Parks
|
Pitching: RHP Jim Butler
|
|
Batting: RHB Andy Swaim
|
0-0: DOUBLE (Line Drive, 89D, EV 108.1 MPH)
|
Batting: LHB Roy Steigerwald
|
0-0: Foul Ball, location: 2F 0-1: Ball 1-1: Fly out, F6 (Popup, 6D, EV 46.2 MPH)
|
Batting: RHB Katilimomi Kelekolio
|
0-0: Ball 1-0: Ball 2-0: Ball 3-0: Base on Balls
|
Batting: SHB Perry Tuckfard
|
0-0: Called Strike 0-1: Swinging Strike 0-2: Ball 1-2: Foul Ball, location: 2F 1-2: Fly out, F9 (Line Drive, 89M, EV 109.4 MPH)
|
Batting: LHB Joel Kunkler
|
0-0: Ball 1-0: Ball 2-0: Called Strike 2-1: Called Strike 2-2: Ball 3-2: Strikes out swinging
|
Bottom of the 7th over - 0 runs, 1 hit, 0 errors, 2 left on base; Colorado 3 - Arizona 3 |
TOP OF THE 8TH |
Colorado Rockies batting - Pitching for Arizona Diamondbacks : RHP Rich Garces
|
Pitching: RHP Adam Silbert
|
|
Batting: LHB Shawn Morrison
|
0-0: Ball 1-0: Ball 2-0: Called Strike 2-1: Fly out, F9 (Flyball, 9, EV 88.1 MPH)
|
Batting: RHB Henry Alvizo
|
0-0: Called Strike 0-1: Ball 1-1: Ball 2-1: Called Strike 2-2: Ball 3-2: Strikes out swinging
|
Batting: LHB Freddy Troncoso
|
0-0: Called Strike 0-1: Ball 1-1: Called Strike 1-2: Ball 2-2: Foul Ball, location: 2F 2-2: Strikes out looking
|
Top of the 8th over - 0 runs, 0 hits, 0 errors, 0 left on base; Colorado 3 - Arizona 3 |
BOTTOM OF THE 8TH |
Arizona Diamondbacks batting - Pitching for Colorado Rockies : RHP Jim Butler
|
Pitching: LHP Randy Rowland
|
|
Batting: RHB Jim Zucco
|
0-0: Swinging Strike 0-1: Ball 1-1: Swinging Strike 1-2: DOUBLE (Line Drive, 9LM, EV 87.5 MPH)
|
Batting: SHB Salvador Aragon
|
0-0: DOUBLE (Flyball, 89XD, EV 95.6 MPH) Jim Zucco scores
|
Batting: LHB Mike Mentzer
|
0-0: Ball 1-0: Ground out 4-3 (Groundball, 4, EV 106.2 MPH) Salvador Aragon to third
|
Batting: SHB Warren Eisner
|
0-0: Foul Ball, location: 2F 0-1: Swinging Strike 0-2: Strikes out looking
|
Batting: RHB Andy Swaim
|
0-0: Foul Ball, location: 2F 0-1: Swinging Strike 0-2: Ball 1-2: Foul Ball, location: 2F 1-2: Foul Ball, location: 2F 1-2: Foul Ball, location: 2F 1-2: Foul Ball, location: 2F 1-2: Ball 2-2: Ball 3-2: Ground out 6-3 (Groundball, 56D, EV 81.2 MPH)
|
Bottom of the 8th over - 1 run, 2 hits, 0 errors, 1 left on base; Colorado 3 - Arizona 4 |
TOP OF THE 9TH |
Colorado Rockies batting - Pitching for Arizona Diamondbacks : RHP Adam Silbert
|
Pitching: RHP Mike Osgood
|
|
Batting: LHB Andy Bowman
|
0-0: Ball 1-0: Ball 2-0: Ball 3-0: Base on Balls
|
Batting: LHB Bi-jun Chien
|
0-0: Ground out 5-3 (Groundball, 6S, EV 72.5 MPH) Andy Bowman to second
|
Batting: SHB Jon Munoz
|
0-0: Ball 1-0: Foul Ball, location: 2F 1-1: Foul Ball, location: 2F 1-2: Ball 2-2: Ball 3-2: Base on Balls
|
Batting: RHB Cesar Breceda
|
0-0: Foul Ball, location: 2F 0-1: Swinging Strike 0-2: Foul Ball, location: 2F 0-2: Foul Ball, location: 2F 0-2: Fly out, F8 (Flyball, 8RD, EV 105.0 MPH) Runner from 2nd tags up, SAFE at 3rd with throw by CF
|
Batting: SHB Eddie Quinones
|
0-0: Ball 1-0: Called Strike 1-1: Swinging Strike 1-2: Strikes out swinging
|
Top of the 9th over - 0 runs, 0 hits, 0 errors, 2 left on base; Colorado 3 - Arizona 4 |
|